 Dungeon Crawl Stone Soup version 0.30.0 (webtiles) character file.

Game seed: 10458722418066859966

1819375 Wizard1ke the Imperceptible (level 27, 196/196 HPs)
             Began as a Kobold Delver on Nov 10, 2023.
             Was the Champion of Wu Jian.
             Escaped with the Orb
             ... and 3 runes on Nov 11, 2023!
             The game lasted 03:00:09 (56005 turns).

Wizard1ke the Imperceptible (Kobold Delver)        Turns: 56005, Time: 03:00:10

Health: 196/196    AC: 29    Str: 18    XL:     27
Magic:  23/23      EV: 57    Int: 15    God:    Wu Jian [******]
Gold:   2335       SH: 14    Dex: 35    Spells: 26/26 levels left

rFire   + + .        v - +7 captain's cutlass {speed, disarm}
rCold   + + .        b - +3 buckler {AC+3}
rNeg    + . .        K - +7 ring mail of Shadows and Fog {rElec rC+}
rPois   +            t - +0 hat of the Locust {rF+ rN+ rCorr Str+3}
rElec   +            G - +2 cloak {rC+}
rCorr   +            X - +2 pair of gloves {Dex+3}
SInv    .            I - +2 pair of slick slippers {slick, slippery, EV+4}
Will    +++..        T - amulet of regeneration
Stlth   ++++         l - ring "Sohusedgh" {Wiz rPois rF+ Str+4 Int+3}
HPRegen 1.32/turn    O - ring "Ofe Varr" {Will+ EV+5 Dex+4}
MPRegen 0.18/turn

%: wizardry (x1)
@: no status effects
A: small, no large weapons, nightstalker 3, iridescent scales 1, subdued magic
1, inability to drink after injury 2
0: Orb of Zot
}: 3/15 runes: decaying, serpentine, silver
a: Renounce Religion, Wall Jump, Serpent's Lash, Heavenly Storm


You escaped.
You worshipped Wu Jian.
Wu Jian was exalted by your worship.
You visited 9 branches of the dungeon, and saw 45 of its levels.
You also visited: Trove, Gauntlet, Ice Cave, Wizlab and Desolation.

You collected 8181 gold pieces.
You spent 5846 gold pieces at shops.

Inventory:

Hand Weapons
 v - the +7 captain's cutlass (weapon) {speed, disarm}
   (You found it on level 5 of the Lair of Beasts)
Missiles
 a - 4 throwing nets (quivered)
 L - 8 curare-tipped darts
Armour
 b - a +3 buckler of protection (worn)
 j - the +1 cloak "Wuczuha" {rN+ Dex+3 Stlth+}
   (You found it on level 3 of the Swamp)

   Dex:       It affects your dexterity (+3).
   rN:        It protects you from negative energy.
   Stlth:     It makes you more stealthy.
 t - the +0 hat of the Locust (worn) {rF+ rN+ rCorr Str+3}
   (You found it in a Gauntlet)

   Str:       It affects your strength (+3).
   rF:        It protects you from fire.
   rN:        It protects you from negative energy.
   rCorr:     It protects you from acid and corrosion.
 B - a +2 pair of boots
 G - a +2 cloak of cold resistance (worn)
 I - the +2 pair of slick slippers (worn) {slick, slippery, EV+4}
   (You found it in the Desolation of Salt)

   Slick:     Its wearer cannot be constricted, engulfed, netted or webbed.
   Slippery:  Its wearer slips away from damaging melee attacks, pulling the
   attacker onward.
   EV:        It affects your evasion (+4).
 K - the +7 ring mail of Shadows and Fog (worn) {rElec rC+}
   (You found it in an ice cave)

   rC:        It protects you from cold.
   rElec:     It insulates you from electricity.
 X - a +2 pair of gloves of dexterity (worn)
Jewellery
 c - the ring of the Modern Xenops {rC+ MP+9 Str+4}
   (You found it in a treasure trove)

   [ring of magical power]

   Str:       It affects your strength (+4).
   rC:        It protects you from cold.
   MP:        It affects your magic capacity (+9).
 f - the ring "Vyni" {rF++ rC- MP+9 Str+2 Stlth+}
   (You found it in a treasure trove)

   [ring of magical power]

   Str:       It affects your strength (+2).
   rF:        It greatly protects you from fire.
   rC:        It makes you vulnerable to cold.
   MP:        It affects your magic capacity (+9).
   Stlth:     It makes you more stealthy.
 l - the ring "Sohusedgh" (left hand) {Wiz rPois rF+ Str+4 Int+3}
   (You found it in a treasure trove)

   [ring of wizardry]

   It improves your spell success rate.
   Str:       It affects your strength (+4).
   Int:       It affects your intelligence (+3).
   rF:        It protects you from fire.
   rPois:     It protects you from poison.
 s - a ring of flight
 E - a +6 ring of dexterity
 O - the ring "Ofe Varr" (right hand) {Will+ EV+5 Dex+4}
   (You bought it in a shop on level 1 of the Depths)

   [ring of evasion]

   EV:        It affects your evasion (+5).
   Dex:       It affects your dexterity (+4).
   Will:      It increases your willpower.
 T - an amulet of regeneration (around neck)
Wands
 d - a wand of paralysis (77)
 g - a wand of digging (7)
 y - a wand of iceblast (48)
 P - a wand of acid (29)
 Z - a wand of mindburst (32)
Scrolls
 e - 10 scrolls of fear
 i - 10 scrolls of fog
 k - 6 scrolls of poison
 m - 3 scrolls of silence {!r}
 n - 5 scrolls of blinking
 q - 15 scrolls of teleportation
 D - 12 scrolls of vulnerability
 F - 2 scrolls of magic mapping
 N - 4 scrolls of summoning
 V - 10 scrolls of immolation
Potions
 o - 11 potions of might
 p - 7 potions of mutation
 r - 11 potions of attraction
 u - 36 potions of curing
 w - 9 potions of haste
 x - 11 potions of heal wounds
 C - 6 potions of brilliance
 J - 3 potions of invisibility
 M - 2 potions of resistance
 Q - 14 potions of lignification
 R - 3 potions of cancellation
 S - 3 potions of ambrosia
 U - 5 potions of magic
 Y - 9 potions of flight
Miscellaneous
 h - a condenser vane
 z - a lightning rod (4/4)
 A - a phantom mirror
 H - a phial of floods
 W - a box of beasts


   Skills:
 - Level 26.0 Fighting
 - Level 18.0 Short Blades
 + Level 13.0 Armour
 - Level 26.0 Dodging
 - Level 26.9 Stealth
 - Level 15.0 Shields
 - Level 12.0 Evocations


You had 26 spell levels left.
You didn't know any spells.
Your spell library contained the following spells:

 Spells                   Type           Power      Damage    Failure   Level
 Apportation              Tloc           0%         N/A       16%         1
 Kiss of Death            Conj/Necr      0%         2d5       16%         1
 Magic Dart               Conj           0%         1d3       16%         1
 Necrotise                Necr           0%         1d4       16%         1
 Sandblast                Erth           0%         2d4       16%         1
 Sting                    Tmut/Pois      0%         1d3       16%         1
 Summon Small Mammal      Summ           0%         N/A       16%         1
 Blink                    Tloc           0%         N/A       24%         2
 Call Imp                 Summ           0%         N/A       24%         2
 Cigotuvi's Dreadful Rot  Necr/Pois/Air  0%         N/A       24%         2
 Ensorcelled Hibernation  Hex/Ice        0%         N/A       24%         2
 Lesser Beckoning         Tloc           0%         N/A       24%         2
 Passwall                 Tmut/Erth      0%         N/A       24%         2
 Poisonous Vapours        Pois/Air       0%         N/A       24%         2
 Searing Ray              Conj           0%         2d4       24%         2
 Call Canine Familiar     Summ           0%         N/A       43%         3
 Confusing Touch          Hex            0%         N/A       43%         3
 Dazzling Flash           Conj/Hex       0%         N/A       43%         3
 Gell's Gravitas          Tloc           0%         N/A       43%         3
 Ignite Poison            Fire/Tmut/Pois 0%         N/A       43%         3
 Inner Flame              Hex/Fire       0%         N/A       43%         3
 Mephitic Cloud           Conj/Pois/Air  0%         N/A       43%         3
 Ozocubu's Armour         Ice            0%         N/A       43%         3
 Portal Projectile        Hex/Tloc       0%         N/A       43%         3
 Spider Form              Tmut/Pois      0%         N/A       43%         3
 Stone Arrow              Conj/Erth      0%         3d7       43%         3
 Summon Guardian Golem    Hex/Summ       0%         N/A       43%         3
 Swiftness                Air            0%         N/A       43%         3
 Teleport Other           Tloc           0%         N/A       43%         3
 Tukima's Dance           Hex            0%         N/A       43%         3
 Vampiric Draining        Necr           0%         2d6       43%         3
 Volatile Blastmotes      Fire/Tloc      0%         2d10      43%         3
 Airstrike                Air            0%         2d(0-16)  83%         4
 Anguish                  Hex/Necr       0%         N/A       83%         4
 Animate Armour           Summ/Erth      0%         N/A       83%         4
 Animate Dead             Necr           0%         N/A       83%         4
 Cause Fear               Hex            0%         N/A       83%         4
 Dispel Undead            Necr           0%         3d6       83%         4
 Fulminant Prism          Conj/Hex       0%         3d5       83%         4
 Iskenderun's Mystic Bla  Conj/Tloc      0%         2d3       83%         4
 Leda's Liquefaction      Hex/Erth       0%         N/A       83%         4
 Manifold Assault         Tloc           0%         N/A       83%         4
 Olgreb's Toxic Radiance  Pois           0%         N/A       83%         4
 Petrify                  Tmut/Erth      0%         N/A       83%         4
 Summon Ice Beast         Ice/Summ       0%         N/A       83%         4
 Summon Lightning Spire   Summ/Air       0%         N/A       83%         4
 Agony                    Necr           0%         N/A       99%         5
 Alistair's Intoxication  Tmut/Pois      0%         N/A       99%         5
 Blade Hands              Tmut           0%         N/A       99%         5
 Borgnjor's Vile Clutch   Necr/Erth      0%         N/A       99%         5
 Freezing Cloud           Conj/Ice/Air   0%         6-21      99%         5
 Iskenderun's Battlesphe  Conj           0%         2d6       99%         5
 Metabolic Englaciation   Hex/Ice        0%         N/A       99%         5
 Summon Forest            Summ/Tloc      0%         N/A       99%         5
 Summon Mana Viper        Hex/Summ       0%         N/A       99%         5
 Yara's Violent Unravell  Hex/Tmut       0%         3d3       99%         5
 Conjure Ball Lightning   Conj/Air       0%         3x3d6     100%        6
 Death Channel            Necr           0%         N/A       100%        6
 Iron Shot                Conj/Erth      0%         9d1       100%        6
 Simulacrum               Ice/Necr       0%         N/A       100%        6
 Starburst                Conj/Fire      0%         6d3       100%        6
 Statue Form              Tmut/Erth      0%         N/A       100%        6
 Summon Cactus Giant      Summ           0%         N/A       100%        6
 Enfeeble                 Hex            0%         N/A       100%        7
 Haunt                    Necr/Summ      0%         N/A       100%        7
 Ozocubu's Refrigeration  Ice            0%         4d7       100%        7
 Spellforged Servitor     Conj/Summ      0%         N/A       100%        7
 Storm Form               Tmut/Air       0%         N/A       100%        7
 Disjunction              Tloc           0%         N/A       100%        8
 Infestation              Necr           0%         N/A       100%        8
 Lehudib's Crystal Spear  Conj/Erth      0%         10d2      100%        8
 Polar Vortex             Ice            0%         N/A       100%        9


Dungeon Overview and Level Annotations

Branches:
Dungeon (15/15)            Temple (1/1) D:5            Lair (5/5) D:10
  Swamp (4/4) Lair:2        Snake (4/4) Lair:3        Slime (0/5) Lair:4
    Orc (2/2) D:9             Elf (0/3) Orc:2        Vaults (5/5) D:14
  Crypt (0/3) Vaults:3     Depths (4/4) D:15            Zot (5/5) Depths:4
  IceCv (visited)          WizLab (visited)         Desolation (visited)
Gauntlet (visited)

Altars:
Cheibriados
Elyvilon
Hepliaklqana
Kikubaaqudgha
Makhleb
Okawaru
Ru
Sif Muna
Trog
Wu Jian
Yredelemnul
Zin
Jiyva

Shops:
D:1 !   D:9 *   D:11 [(**(   Orc:2 *=!(   Vaults:3 [   Vaults:5 ?   Zot:2 *
Depths:1 *=?   Depths:3 *!   Depths:4 *[!!

Portals:
Hell: Depths:1 Depths:3 Depths:4
Abyss: Depths:3
Pandemonium: Orc:2 Depths:2
Ziggurat: Depths:4

Annotations:
D:3 Sigmund
D:5 Pikel
D:9 exclusion: 2 doors
D:11 1 exclusion
D:13 36 runed doors, exclusion: 36 doors
D:15 Roxanne
Lair:1 4 exclusions
Lair:2 2 transporters, Qoesoec's ghost, journeyman GrFi
Vaults:5 !vaults warning
Depths:2 exclusions: reaper and 1 more exclusion
Depths:4 exclusions: daeva, draconian stormcaller and 7 more exclusions
Zot:3 1 transporter


Innate Abilities, Weirdness & Mutations

You are small and have problems with some larger weapons.
You are completely attuned to the shadows.
You are partially covered in iridescent scales. (AC +2)
Your spells are a little easier to cast, but a little less powerful.
You sometimes lose the ability to drink potions when taking damage.


Message History

The angel is heavily wounded.
You hit the angel.
The angel is heavily wounded.
You hit the angel but do no damage.
The angel is heavily wounded.
The angel completely misses you. You block the angel's attack.
The angel completely misses you. x2
You spin and attack the angel repeatedly.
You puncture the angel!
The angel is severely wounded.
You hit the angel but do no damage.
The angel is severely wounded.
You impale the angel!!
The angel is almost dead.
The angel gestures.
The angel is healed somewhat.
You spin and attack the angel repeatedly.
You hit the angel but do no damage.
The angel is severely wounded.
You hit the angel but do no damage.
The angel is severely wounded.
You puncture the angel!
The angel is almost dead.
You block the angel's attack. x2
The angel gestures.
The angel is healed somewhat.
You spin and attack the angel repeatedly.
You hit the angel.
The angel is almost dead.
You miss the angel.
The angel is almost dead.
The angel completely misses you. You block the angel's attack.
You see here a +1 sacred scourge of holy wrath.
You spin and attack the angel repeatedly.
You puncture the angel!
You kill the angel!
The Council accepts your kill.
There is a staircase leading out of the dungeon here.
You see here a +0 robe.
You have escaped!

#.....##...##.).##...#......###
#.....##...#..@..#...#.......#.
#.....##...##...##...#.##....#.
#.....##....##'##....#.##....#.
#....................#.##....#.
#.††..#................##....#>
#########################....#.
#...... ####.#. ######.#.
#......#. #......#. #......#.
#......#. #......#. #......#.
#......#.


There were no monsters in sight!

Vanquished Creatures
  5 dread liches (Zot:5)
  2 orbs of fire
  An ancient lich (Zot:5)
  Mara (Vaults:4)
  Sojobo (Depths:1)
  3 Killer Klowns (Zot:5)
  Parghit (Zot:1)
  the Lernaean hydra (Swamp:4)
  2 curse toes
  4 caustic shrikes
  Saint Roka (Vaults:3)
  A bone dragon (Depths:4)
  7 golden dragons
  4 electric golems
  8 tentacled monstrosities
  22 Orb Guardians
  2 walking earthen tomes (Depths:3)
  6 quicksilver dragons
  3 titans (Vaults:5)
  7 death cobs
  5 sphinxes
  Kirke (Swamp:3)
  4 nagarajas
  Donald (Swamp:2)
  3 draconian monks
  6 tengu reavers
  15 storm dragons
  10 fire giants
  2 fenstrider witches (Swamp:2)
  5 shadow dragons
  5 draconian knights
  6 draconian scorchers
  A deep elf sorcerer (Vaults:5)
  16 vault wardens
  12 frost giants
  An iron dragon (Depths:3)
  Aizul (Vaults:1)
  An imperial myrmidon (Desolation)
  10 draconian shifters
  A ghost moth (Zot:5)
  5 orc warlords
  3 draconian stormcallers (Zot:4)
  7 war gargoyles
  2 angels
  9 draconian annihilators
  A demonspawn corrupter (Depths:4)
  A balrug (Depths:1)
  13 stone giants
  22 ironbound preservers
  6 ironbound thunderhulks
  32 very ugly things
  15 black draconians
  3 red draconians
  11 green draconians
  A lorocyproca (D:7)
  A deep elf demonologist (Vaults:5)
  A vampire knight (Depths:2)
  9 purple draconians
  14 white draconians
  3 eleionomae
  A minotaur (Gauntlet)
  16 dire elephants
  A halazid warlock (Desolation)
  2 spark wasps (Depths:1)
  Snorg (Lair:3)
  14 yellow draconians
  3 bunyips
  8 fire dragons
  5 deep elf high priests (Vaults:5)
  2 green deaths (Swamp:4)
  3 jiangshi (Depths:2)
  14 ettins
  10 ragged hierophants (Desolation)
  10 great orbs of eyes
  2 shambling mangroves
  9 yaktaur captains
  5 crystal guardians
  2 entropy weavers (Vaults:4)
  18 hydras
  12 servants of whispers (Desolation)
  A rakshasa (Depths:1)
  33 vault guards
  Fannar (Lair:1)
  2 salamander tyrants
  8 ironbound frosthearts
  The ghost of gggh the Cleaver, a journeyman DsCK of Xom (D:13)
  An ice dragon (shapeshifter) (Depths:1)
  A demonspawn (Orc:2)
  3 spriggan air magi
  5 ice dragons
  An ogre mage (Vaults:5)
  17 peacekeepers
  8 anacondas
  5 boulder beetles
  2 catoblepae
  11 centaur warriors
  A ghost crab (Swamp:2)
  A merfolk avatar (Lair:5)
  10 alligators
  4 deep troll shamans
  2 two-headed ogres
  8 death yaks
  2 vampire magi (Depths:2)
  Urug (Orc:2)
  7 naga warriors
  8 deep troll earth magi
  23 hell knights
  7 orc high priests
  4 naga sharpshooters
  4 shock serpents
  3 sun demons
  2 skysharks
  6 spriggan berserkers
  3 salamander mystics (Snake:4)
  A skeletal warrior (D:13)
  5 goliath frogs
  72 deep trolls
  Amaemon (Lair:2)
  7 iron trolls
  A shadow wraith (D:13)
  A sixfirhy (D:14)
  8 swamp dragons
  A spriggan druid (Swamp:1)
  3 glowing orange brains
  6 naga ritualists
  A shadow demon (Depths:4)
  9 bog bodies
  4 phantasmal warriors (Vaults:5)
  20 orc knights
  An orange crystal statue (Vaults:4)
  10 wizards
  4 necromancers
  25 ironbound convokers
  16 lindwurms
  5 harpies (Vaults:1)
  2 deep elf pyromancers
  7 mana vipers
  10 orc sorcerers
  6 manticores
  5 cyclopes
  A shining eye (shapeshifter) (D:15)
  A cyclops (shapeshifter) (Vaults:5)
  5 will-o-the-wisps
  A moth of wrath (shapeshifter) (Vaults:5)
  24 moths of wrath
  57 ugly things
  An elephant (Lair:5)
  12 salamanders
  4 smoke demons
  16 vault sentinels
  An eye of devastation (shapeshifter) (Vaults:5)
  An ice statue (IceCv)
  4 rust devils
  Joseph (D:10)
  10 cane toads
  An apocalypse crab (Depths:2)
  28 black mambas
  7 naga magi
  10 guardian serpents
  2 orange demons
  7 molten gargoyles
  Maggie (D:7)
  16 gargoyles
  A torpor snail (Swamp:1)
  3 efreet
  A freezing wraith (Vaults:5)
  29 yaktaurs
  7 komodo dragons
  2 tengu conjurers (Depths:2)
  3 kobold demonologists
  6 rime drakes
  2 ice devils (D:14)
  16 polar bears
  18 hornets
  A queen bee (shapeshifter) (D:14)
  3 trolls
  A wind drake (Lair:5)
  3 hellwings
  9 tyrant leeches
  2 bloated husks (Swamp:1)
  72 saltlings (Desolation)
  A blink frog (shapeshifter) (D:13)
  2 snapping turtles (Lair:5)
  14 blink frogs
  A slime creature (shapeshifter) (Vaults:5)
  2 large abominations (Swamp:4)
  3 centaur simulacra
  49 slime creatures
  14 spriggans
  6 shadows
  3 ynoxinuls (D:14)
  A culicivora (Vaults:4)
  4 wyverns
  42 yaks
  Grum (D:8)
  2 wraiths
  A hog (shapeshifter) (D:14)
  A vampire (D:11)
  The ghost of IAmTheZeppo the Trooper, an amateur DsFi (D:4)
  3 chaos spawn (D:14)
  2 steam dragons
  4 redbacks (Vaults:4)
  4 basilisks
  A naga (shapeshifter) (Vaults:4)
  5 vampire mosquitoes
  5 acid dragons
  17 swamp worms
  4 wargs
  11 water moccasins
  16 nagas
  A floating eye (shapeshifter) (Vaults:5)
  A floating eye (Depths:4)
  Duvessa (D:5)
  3 swamp drakes
  An ice beast (D:5)
  A black bear (shapeshifter) (Vaults:5)
  60 orc warriors
  2 sky beasts
  A black bear (Lair:3)
  5 ogres
  21 wolves
  10 centaurs
  A lemure (D:5)
  2 phantoms
  Blork the orc (D:6)
  6 kobold brigands
  9 bullfrogs
  3 gnoll sergeants
  An earth elemental (WizLab)
  A scorpion (D:6)
  8 wights (D:7)
  Dowan (D:5)
  12 killer bees
  6 howler monkeys
  A jelly (shapeshifter) (Vaults:5)
  A gnoll bouda (D:4)
  31 orc priests
  4 hounds
  2 jellies
  4 sleepcaps
  4 iguanas
  23 orc wizards
  2 lightning spires (WizLab)
  6 ogre zombies (D:9)
  7 adders
  19 gnolls
  2 shadow imps
  3 white imps
  An ufetubus (D:4)
  A worm (shapeshifter) (Vaults:5)
  4 worms
  2 dart slugs (D:1)
  100 orcs
  9 ball pythons
  6 bats
  13 endoplasms
  5 giant cockroaches
  6 goblins
  8 hobgoblins
  4 jackals (D:2)
  27 kobolds
  5 quokkas
  4 frilled lizards (D:1)
  A goblin zombie (D:9)
  2 hobgoblin skeletons (D:9)
  2 hobgoblin zombies (D:9)
  3 orc skeletons (D:9)
  11 orc zombies (D:9)
  3 rats
2006 creatures vanquished.

Vanquished Creatures (collateral kills)
  An ironbound thunderhulk (Vaults:1)
1 creature vanquished.

Vanquished Creatures (others)
  A shadow dragon (Zot:1)
  A fenstrider witch (Swamp:1)
  A draconian knight (Zot:4)
  A yellow draconian (Zot:1)
  A phantasmal warrior (Vaults:5)
  A bloated husk (Swamp:1)
  2 humans (Swamp:3)
  A warg (Orc:2)
  A bush (Lair:1)
  20 demonic plants
  4 foxfires (Swamp:4)
  24 fungi
  49 plants
  25 withered plants
132 creatures vanquished.

Grand Total: 2139 creatures vanquished

Notes
Turn   | Place    | Note
-------+----------+-------------------------------------------
     0 | D:5      | Wizard1ke the Kobold Delver began the quest for the Orb.
     0 | D:5      | Reached XP level 1. HP: 14/14 MP: 1/1
    84 | D:5      | Noticed a lemure
    84 | D:5      | Noticed a lemure
    84 | D:5      | Noticed an iguana
   158 | D:4      | Noticed a phantom
   197 | D:1      | Reached XP level 2. HP: 19/19 MP: 2/2
   309 | D:1      | Found Xuxigixu's Distillery.
   434 | D:1      | Reached XP level 3. HP: 23/23 MP: 3/3
  1059 | D:2      | Reached XP level 4. HP: 27/28 MP: 4/4
  1875 | D:3      | Reached skill level 5 in Short Blades
  1875 | D:3      | Reached XP level 5. HP: 32/32 MP: 5/5
  2474 | D:3      | Noticed Sigmund
  2590 | D:3      | Reached XP level 6. HP: 37/37 MP: 6/6
  2699 | D:4      | Reached skill level 10 in Stealth
  2761 | D:4      | Reached XP level 7. HP: 41/41 MP: 7/7
  2833 | D:4      | Found a runed translucent gate.
  2834 | D:4      | Found a runed translucent gate.
  2835 | D:4      | Found a runed translucent gate.
  2835 | D:4      | Noticed IAmTheZeppo's ghost (amateur DsFi)
  2841 | D:4      | Killed IAmTheZeppo's ghost
  3266 | D:4      | Found an iron altar of Okawaru.
  3557 | D:5      | Noticed Duvessa
  3557 | D:5      | Noticed Dowan
  3559 | D:5      | Killed Duvessa
  3560 | D:5      | Reached XP level 8. HP: 46/46 MP: 8/8
  3565 | D:5      | Killed Dowan
  3918 | D:5      | Noticed Pikel
  3989 | D:5      | Found a staircase to the Ecumenical Temple.
  3996 | Temple   | Entered the Ecumenical Temple
  4000 | Temple   | Became a worshipper of the Wu Jian Council
  4696 | D:6      | Noticed Blork the orc
  4699 | D:6      | Killed Blork the orc
  5216 | D:6      | Reached XP level 9. HP: 51/51 MP: 9/9
  5393 | D:7      | Reached skill level 15 in Stealth
  5816 | D:7      | Found a bloodstained altar of Trog.
  5825 | D:7      | Reached * piety under Wu Jian
  6019 | D:7      | Reached skill level 5 in Fighting
  6127 | D:7      | Reached skill level 10 in Short Blades
  6188 | D:7      | Noticed Maggie
  6203 | D:7      | Killed Maggie
  6204 | D:7      | Reached XP level 10. HP: 56/59 MP: 10/10
  7403 | D:8      | Noticed a manticore
  7421 | D:8      | Killed a manticore
  7480 | D:8      | Noticed Grum
  7844 | D:8      | Killed Grum
  8280 | D:8      | Reached skill level 1 in Evocations
  8532 | D:8      | Reached ** piety under Wu Jian
  8696 | D:9      | Found a staircase to the Orcish Mines.
  8789 | D:9      | Reached XP level 11. HP: 35/64 MP: 11/11
  8791 | D:9      | Reached *** piety under Wu Jian
  9143 | D:9      | Found Macaurr's General Store.
  9151 | D:9      | Bought a scroll of immolation for 68 gold pieces
  9151 | D:9      | Bought a scroll of teleportation for 51 gold pieces
 10040 | D:10     | Entered Level 10 of the Dungeon
 10081 | D:10     | Found a staircase to the Lair.
 10274 | D:10     | Noticed a two-headed ogre
 10275 | D:10     | Killed a two-headed ogre
 10276 | D:10     | Reached skill level 5 in Evocations
 10498 | D:10     | Noticed Joseph
 10505 | D:10     | Killed Joseph
 10777 | D:10     | Found a snail-covered altar of Cheibriados.
 10789 | D:10     | Found a shimmering blue altar of Sif Muna.
 10898 | D:11     | Noticed a manticore
 10901 | D:11     | Killed a manticore
 10902 | D:11     | Found Xoroapna's Weapon Boutique.
 10944 | D:11     | Found Tuec's Armour Boutique.
 11248 | D:11     | Found Vahais's Antique Weapon Boutique.
 11427 | D:11     | Found Tanaakof's Assorted Antiques.
 11432 | D:11     | Bought a scroll labelled AHI BISTID for 26 gold pieces
 11432 | D:11     | Bought a scroll labelled JEKUESTEATA for 26 gold pieces
 11432 | D:11     | Bought a white potion for 23 gold pieces
 11444 | D:11     | Found Micregyt's General Store.
 11449 | D:11     | Bought a potion of lignification for 30 gold pieces
 11783 | D:12     | Reached **** piety under Wu Jian
 11786 | D:12     | Reached XP level 12. HP: 75/75 MP: 12/12
 11837 | Lair:1   | Entered Level 1 of the Lair of Beasts
 11923 | Lair:1   | Noticed a death yak
 11923 | Lair:1   | Noticed a death yak
 11923 | Lair:1   | Noticed a death yak
 11936 | Lair:1   | Noticed a death yak
 11936 | Lair:1   | Noticed a death yak
 11989 | Lair:1   | Noticed Fannar
 11991 | Lair:1   | Killed Fannar
 12169 | Lair:1   | Reached skill level 10 in Fighting
 12967 | Lair:2   | Found a staircase to the Swamp.
 13043 | Lair:2   | Found a transporter.
 13069 | Lair:2   | Found a transporter.
 13071 | Lair:2   | Noticed a spriggan rider
 13081 | Lair:2   | Noticed a spriggan rider
 13094 | Lair:2   | Noticed Qoesoec's ghost (journeyman GrFi)
 13104 | Lair:2   | Noticed a boulder beetle
 13104 | Lair:2   | Noticed a death yak
 13107 | Lair:2   | Killed a death yak
 13113 | Lair:2   | Killed a boulder beetle
 13145 | Lair:2   | Reached XP level 13. HP: 82/82 MP: 13/13
 13661 | Lair:2   | Noticed Amaemon
 13664 | Lair:2   | Killed Amaemon
 14194 | Lair:3   | Found a gate leading to a gauntlet.
 14204 | Gauntlet | Entered a Gauntlet
 14208 | Gauntlet | Found a transporter.
 14236 | Gauntlet | Found a transporter.
 14248 | Gauntlet | Noticed a catoblepas
 14258 | Gauntlet | Found a transporter.
 14272 | Gauntlet | Found a transporter.
 14273 | Gauntlet | Found the +3 pair of seven-league boots {Rampage+∞}
 14295 | Gauntlet | Found a transporter.
 14295 | Gauntlet | Found a transporter.
 14311 | Gauntlet | Found a transporter.
 14334 | Gauntlet | Noticed a catoblepas
 14348 | Gauntlet | Found a transporter.
 14402 | Gauntlet | Found a transporter.
 14413 | Gauntlet | Found a transporter.
 14420 | Gauntlet | Found a transporter.
 14425 | Gauntlet | Found a transporter.
 14522 | Gauntlet | Identified the +0 hat of the Locust {rF+ rN+ rCorr Str+3}
 14641 | Gauntlet | Identified the amulet "Ivuit" {RegenMP Str+8 Dex-4}
 14710 | Gauntlet | Noticed a minotaur
 14793 | Gauntlet | Killed a minotaur
 14871 | Lair:3   | Noticed Snorg
 14873 | Lair:3   | Killed Snorg
 15320 | Lair:3   | Found a staircase to the Snake Pit.
 15799 | Lair:4   | Found a viscous altar of Jiyva.
 15799 | Lair:4   | Found a staircase to the Slime Pits.
 15843 | Lair:4   | You fall into a shaft and drop 1 floor!
 15843 | Lair:5   | Entered Level 5 of the Lair of Beasts
 15918 | Lair:5   | Found a frozen archway.
 15929 | IceCv    | Entered an ice cave
 16190 | IceCv    | Identified the +10 scimitar of Eternal War {drain, Will+}
 16298 | IceCv    | Reached ***** piety under Wu Jian
 16338 | IceCv    | Reached XP level 14. HP: 90/90 MP: 14/14
 16535 | IceCv    | Noticed a frost giant
 16985 | IceCv    | Killed a frost giant
 17057 | IceCv    | Identified the +7 ring mail of Shadows and Fog {rElec rC+}
 17066 | IceCv    | Got the Encyclopedia of Firn
 17447 | Lair:4   | Reached skill level 1 in Armour
 19641 | Lair:5   | Found the +7 captain's cutlass {speed, disarm}
 20834 | D:12     | Reached XP level 15. HP: 99/99 MP: 15/15
 20946 | D:13     | Found a transporter.
 20946 | D:13     | Noticed gggh's ghost (journeyman DsCK)
 20953 | D:13     | Killed gggh's ghost
 20954 | D:13     | Found a transporter.
 21167 | D:13     | Found a huge runed gate.
 21167 | D:13     | Found a huge runed gate.
 21312 | D:13     | Found a huge runed gate.
 21312 | D:13     | Found a huge runed gate.
 21312 | D:13     | Found a huge runed gate.
 21312 | D:13     | Found a huge runed gate.
 21312 | D:13     | Found a huge runed gate.
 21312 | D:13     | Found a huge runed gate.
 21313 | D:13     | Found a huge runed gate.
 21314 | D:13     | Found a huge runed gate.
 21315 | D:13     | Found a huge runed gate.
 21319 | D:13     | Found a huge runed gate.
 21319 | D:13     | Found a huge runed gate.
 21319 | D:13     | Found a huge runed gate.
 21323 | D:13     | Found a huge runed gate.
 21324 | D:13     | Found a huge runed gate.
 21325 | D:13     | Found a huge runed gate.
 21334 | D:13     | Found a huge runed gate.
 21335 | D:13     | Found a huge runed gate.
 21336 | D:13     | Found a huge runed gate.
 21341 | D:13     | Found a huge runed gate.
 21341 | D:13     | Found a huge runed gate.
 21341 | D:13     | Found a huge runed gate.
 21342 | D:13     | Found a huge runed gate.
 21343 | D:13     | Found a huge runed gate.
 21344 | D:13     | Found a huge runed gate.
 21345 | D:13     | Found a huge runed gate.
 21346 | D:13     | Found a huge runed gate.
 21347 | D:13     | Found a huge runed gate.
 21352 | D:13     | Found a huge runed gate.
 21352 | D:13     | Found a huge runed gate.
 21352 | D:13     | Found a huge runed gate.
 21353 | D:13     | Found a huge runed gate.
 21354 | D:13     | Found a huge runed gate.
 21355 | D:13     | Found a huge runed gate.
 21356 | D:13     | Found a huge runed gate.
 21536 | D:13     | Identified the -1 cloak of the Accordion {Regen+}
 21913 | D:14     | Reached skill level 5 in Armour
 21929 | D:14     | Found a gate to the Vaults.
 21929 | D:14     | Noticed an ironbound preserver
 21962 | D:14     | Killed an ironbound preserver
 22071 | D:14     | Reached skill level 15 in Fighting
 22176 | D:14     | Reached ****** piety under Wu Jian
 22640 | D:14     | Reached skill level 5 in Dodging
 23000 | Orc:1    | Entered Level 1 of the Orcish Mines
 23314 | Orc:1    | Identified the +10 dagger of Moamm {heavy, rElec}
 23361 | Orc:1    | Noticed an orc warlord
 23391 | Orc:1    | Killed an orc warlord
 23534 | Orc:2    | Entered Level 2 of the Orcish Mines
 23762 | Orc:2    | Found Tinijec's Distillery.
 23767 | Orc:2    | Found Asahuff's General Store.
 24162 | Orc:2    | Reached XP level 16. HP: 101/108 MP: 16/16
 24192 | Orc:2    | Found a staircase to the Elven Halls.
 24352 | Orc:2    | Noticed Urug
 24353 | Orc:2    | Killed Urug
 24504 | Orc:2    | Reached skill level 10 in Dodging
 24737 | Orc:2    | Found Moej's Antique Weapon Boutique.
 24737 | Orc:2    | Found Usuph's Jewellery Shop.
 24737 | Orc:2    | Found a one-way gate leading to the halls of Pandemonium.
 24752 | Orc:2    | Bought an amulet of regeneration for 330 gold pieces
 25367 | D:11     | Bought a potion of heal wounds for 130 gold pieces
 25367 | D:11     | Bought a phial of floods for 1040 gold pieces
 25438 | D:9      | Bought a phantom mirror for 680 gold pieces
 25548 | Snake:1  | Entered Level 1 of the Snake Pit
 26512 | Snake:2  | Noticed a nagaraja
 26515 | Snake:2  | Killed a nagaraja
 27032 | Snake:3  | Identified a scroll of acquirement
 27061 | Snake:3  | Acquired 1154 gold pieces
 27136 | Snake:3  | Reached skill level 15 in Dodging
 27314 | Snake:3  | Reached XP level 17. HP: 113/113 MP: 17/17
 27736 | Snake:4  | Entered Level 4 of the Snake Pit
 28684 | Snake:4  | Identified the +6 war axe "Agheag" {freeze, rCorr}
 28910 | Snake:4  | Reached skill level 1 in Shields
 28958 | Snake:4  | Got a serpentine rune of Zot
 29351 | Vaults:1 | Entered Level 1 of the Vaults
 29623 | Vaults:1 | Reached XP level 18. HP: 119/119 MP: 18/18
 29734 | Vaults:1 | Reached skill level 5 in Shields
 30228 | Vaults:1 | Noticed Aizul
 30233 | Vaults:1 | Killed Aizul
 30990 | Vaults:2 | Found a crumbling gateway.
 31000 | Desolati | Entered the Desolation of Salt
 31009 | Desolati | Reached XP level 19. HP: 114/124 MP: 19/19
 31035 | Desolati | Identified the amulet of the Philosopher {Reflect rN++
                  | Dex-3 SH+5}
 31129 | Desolati | Reached skill level 10 in Armour
 31246 | Desolati | Got Sif Muna's Anthology of Called Stolen Souls
 31346 | Desolati | Got the Parchment of Elliptic Lightning
 31369 | Desolati | Got the Compendium of Outbursts
 31407 | Desolati | Reached skill level 10 in Shields
 31407 | Desolati | Identified the staff of fire "Metsue Nobbo" {*Slow rF+
                  | Will+ Dex+5}
 31883 | Desolati | Got the Textbook on Misfortune
 31957 | Desolati | Found the +2 pair of slick slippers {slick, slippery, EV+4}
 31995 | Desolati | Identified the orb "Aguxet" {*channel, rElec}
 32683 | Vaults:2 | Reached XP level 20. HP: 129/129 MP: 20/20
 33579 | Vaults:3 | Paralysed by a great orb of eyes for 3 turns
 33620 | Vaults:3 | Found Ricypu's Armour Shop.
 34212 | Vaults:3 | Found a staircase to the Crypt.
 34212 | Vaults:3 | Found a basalt altar of Yredelemnul.
 34212 | Vaults:3 | Found an ancient bone altar of Kikubaaqudgha.
 34250 | Vaults:3 | Noticed Saint Roka
 34315 | Vaults:3 | Killed Saint Roka
 34317 | Vaults:3 | Reached skill level 15 in Shields
 34346 | Vaults:3 | Identified the +1 hand axe of Instinct {venom, rN+ Str+2
                  | Stlth+}
 34466 | Vaults:3 | Reached XP level 21. HP: 134/134 MP: 21/21
 35075 | Vaults:3 | Reached skill level 15 in Short Blades
 35544 | Vaults:4 | Found a portal to a secret trove of treasure.
 35661 | Vaults:4 | Noticed Mara
 35662 | Vaults:4 | Killed Mara
 36746 | D:15     | Entered Level 15 of the Dungeon
 36916 | D:15     | Found a hazy altar of Hepliaklqana.
 36963 | D:15     | Identified the +6 scale mail of the Raven {Regen+ rCorr
                  | Str+2}
 36992 | D:15     | Found a staircase to the Depths.
 37051 | D:15     | Noticed Roxanne
 37689 | Depths:1 | Entered Level 1 of the Depths
 37845 | Depths:1 | Reached XP level 22. HP: 138/146 MP: 22/22
 38029 | Depths:1 | Found Kodoicsi's Assorted Antiques.
 38030 | Depths:1 | Found Wargh's Jewellery Emporium.
 38031 | Depths:1 | Found Nyvvabu's Magic Scroll Shoppe.
 38041 | Depths:1 | Bought the ring "Ofe Varr" {Will+ EV+5 Dex+4} for 741 gold
                  | pieces
 38041 | Depths:1 | Bought the ring of Gionowk {*Corrode rElec rPois Int+3
                  | Dex+2} for 505 gold pieces
 38050 | Depths:1 | Bought a scroll of teleportation for 72 gold pieces
 38050 | Depths:1 | Bought a scroll of fear for 96 gold pieces
 38350 | D:1      | Bought a potion of lignification for 36 gold pieces
 38350 | D:1      | Bought 2 potions of heal wounds for 120 gold pieces
 38559 | Orc:2    | Bought a potion of attraction for 45 gold pieces
 38559 | Orc:2    | Bought a potion of lignification for 45 gold pieces
 38559 | Orc:2    | Bought a potion of cancellation for 120 gold pieces
 38559 | Orc:2    | Bought a potion of magic for 120 gold pieces
 38559 | Orc:2    | Bought a potion of heal wounds for 75 gold pieces
 38559 | Orc:2    | Bought a potion of resistance for 150 gold pieces
 38561 | Orc:2    | Bought a condenser vane for 600 gold pieces
 38561 | Orc:2    | Bought a potion of heal wounds for 75 gold pieces
 38561 | Orc:2    | Bought a scroll of immolation for 60 gold pieces
 38663 | D:11     | Bought a scroll of immolation for 104 gold pieces
 38663 | D:11     | Bought a potion of mutation for 208 gold pieces
 39131 | Depths:1 | Noticed Sojobo
 39153 | Depths:1 | Killed Sojobo
 39216 | Depths:1 | Found a gateway to Hell.
 40450 | Depths:3 | Found Ficzemae's Pet Rocks.
 40456 | Depths:3 | Bought a wand of digging (2) for 134 gold pieces
 40526 | Depths:3 | Found Ilyssy's Distillery.
 40531 | Depths:3 | Bought a potion of invisibility for 136 gold pieces
 40660 | Depths:3 | Reached skill level 10 in Evocations
 40839 | Depths:3 | Found a one-way gate to the infinite horrors of the Abyss.
 40926 | Depths:3 | Reached XP level 23. HP: 156/156 MP: 23/23
 41128 | Depths:3 | Noticed a caustic shrike
 41314 | Depths:3 | Identified the +1 ring mail "Qif Byat" {rC+ Dex+2}
 41383 | Depths:3 | Killed a caustic shrike
 41519 | Depths:4 | Entered Level 4 of the Depths
 41657 | Depths:4 | Found a magical portal.
 41672 | WizLab   | Entered Maxwell's Workshop
 41708 | WizLab   | Identified the ring "Ytseer" {Fire +Blink MP+9 Stlth+}
 41711 | WizLab   | Identified the ring "Fonwitoan" {Ice rN+ Str+3 Int+4 Dex-2}
 41764 | WizLab   | Identified the +0 helmet of Quin {Contam rN+ Str+5}
 41768 | WizLab   | Identified the +1 chain mail of the Quick God {rPois rC+
                  | Dex-3 Slay+2}
 41936 | WizLab   | Identified the +1 robe "Kotiadog" {Fly}
 41963 | WizLab   | Identified the ring "Gosuhike" {Ice Int+6}
 42161 | Depths:4 | Noticed a caustic shrike
 42186 | Depths:4 | Killed a caustic shrike
 42193 | Depths:4 | Noticed a caustic shrike
 42194 | Depths:4 | Noticed a caustic shrike
 42225 | Depths:4 | Killed a caustic shrike
 42248 | Depths:4 | Killed a caustic shrike
 42271 | Depths:4 | Found a gate to the Realm of Zot.
 42351 | Depths:4 | Found a one-way gateway to a ziggurat.
 42651 | Depths:4 | Found Keddaota's Antique Armour Shoppe.
 42653 | Depths:4 | Found Umug's Distillery.
 42653 | Depths:4 | Found Abubar's Assorted Antiques.
 42666 | Depths:4 | Found Qebb's Distillery.
 43577 | Vaults:5 | Entered Level 5 of the Vaults
 43580 | Vaults:5 | Identified the +4 great mace of the Pure Ultimatums {pain,
                  | rCorr Stlth+}
 43648 | Vaults:5 | Reached XP level 24. HP: 163/163 MP: 23/23
 43732 | Vaults:5 | Identified the staff of cold "Acwu" {rC+ Str+2}
 43769 | Vaults:5 | Identified the +3 dagger of Day {freeze, Int+3}
 43784 | Vaults:5 | Identified the staff of conjuration "Ledweamu" {rF+ Str+4}
 44259 | Vaults:5 | Found Ecejeu Xung's Magic Scroll Emporium.
 44627 | Vaults:5 | Found the +2 hat of the Bear Spirit {Spirit, Bear, *Rage
                  | Will++}
 44739 | Vaults:5 | Got a silver rune of Zot
 45419 | Vaults:5 | Paralysed by a hornet for 1 turns
 45816 | Swamp:1  | Entered Level 1 of the Swamp
 46005 | Swamp:1  | Identified the +0 robe of Qenugrat {rF+ Str-5 Dex+3}
 46147 | Swamp:1  | Reached XP level 25. HP: 172/172 MP: 23/23
 46280 | Swamp:1  | Got Uthribb's Anthology of Portals and Transmutation
 46791 | Swamp:2  | Noticed Donald
 46793 | Swamp:2  | Killed Donald
 46934 | Swamp:3  | Noticed Kirke
 46938 | Swamp:3  | Killed Kirke
 47182 | Swamp:3  | Identified the +1 cloak "Wuczuha" {rN+ Dex+3 Stlth+}
 47282 | Swamp:4  | Entered Level 4 of the Swamp
 47405 | Swamp:4  | Identified the +5 flail "Ros Vyat" {venom, rPois rF+ Int-3
                  | Dex+2}
 48006 | Swamp:4  | Noticed the 27-headed Lernaean hydra
 48012 | Swamp:4  | Killed the 27-headed Lernaean hydra
 48015 | Swamp:4  | Got a decaying rune of Zot
 48339 | Zot:1    | Entered Level 1 of the Realm of Zot
 48664 | Vaults:4 | You paid a toll of +2 gold dragon scales to enter a
                  | treasure trove
 48665 | Trove    | Entered a treasure trove
 48669 | Trove    | Identified the ring of the Modern Xenops {rC+ MP+9 Str+4}
 48671 | Trove    | Identified the ring "Effidoc" {Wiz rElec SInv Stlth+}
 48673 | Trove    | Identified the ring "Vyni" {rF++ rC- MP+9 Str+2 Stlth+}
 48677 | Trove    | Identified the ring "Xyicehug" {Fire Fly Int+6 Dex-2}
 48679 | Trove    | Identified the ring "Sohusedgh" {Wiz rPois rF+ Str+4 Int+3}
 48682 | Trove    | Identified the ring "Sobess" {*Slow Fly MP+9 Str+8 Dex-5}
 48684 | Trove    | Identified the amulet "Neaj" {RegenMP -Tele Regen+ Str+4
                  | Int+3}
 48688 | Trove    | Identified the ring "Inkugu" {Fire rElec Str+3}
 49373 | Zot:1    | Identified the +3 long sword of Wisdom {heavy, *Rage rPois
                  | Int+5 Stlth-}
 49493 | Zot:1    | Noticed a curse toe
 49496 | Zot:1    | Killed a curse toe
 50276 | Zot:2    | Reached XP level 26. HP: 176/183 MP: 23/23
 50782 | Zot:2    | Found Jievvu's Changing Room.
 50975 | Zot:2    | Noticed Parghit
 51057 | Zot:1    | Killed Parghit
 51472 | Zot:2    | Identified the +0 demon blade "Jiatu" {venom, rC+ rCorr
                  | Int+3}
 51505 | Zot:2    | Identified the +8 trident of Qazlal's Castigation {heavy,
                  | Str+4}
 51722 | Zot:3    | Noticed an orb of fire
 51722 | Zot:3    | Noticed an ancient lich
 51726 | Zot:3    | Found a transporter.
 51729 | Zot:3    | Found a shimmering blue altar of Sif Muna.
 52340 | Zot:3    | Noticed an orb of fire
 52368 | Zot:3    | Killed an orb of fire
 52442 | Zot:3    | Identified the +8 scimitar of Blind Justice {drain, rF+
                  | Str+3 Dex-3}
 52991 | Zot:4    | Noticed a curse toe
 52994 | Zot:4    | Killed a curse toe
 52997 | Zot:4    | Acquired 687 gold pieces
 53515 | Zot:3    | Reached XP level 27. HP: 134/193 MP: 23/23
 54126 | Zot:5    | Entered Level 5 of the Realm of Zot
 54190 | Zot:5    | Noticed a Killer Klown
 54193 | Zot:5    | Killed a Killer Klown
 54688 | Zot:5    | Noticed a dread lich
 54690 | Zot:5    | Killed a dread lich
 54876 | Zot:5    | Noticed a dread lich
 54897 | Zot:5    | Killed a dread lich
 54939 | Zot:5    | Noticed a Killer Klown
 54948 | Zot:5    | Killed a Killer Klown
 54966 | Zot:5    | Noticed a dread lich
 54968 | Zot:5    | Noticed a dread lich
 54976 | Zot:5    | Noticed an orb of fire
 54981 | Zot:5    | Gained mutation: You occasionally shout uncontrollably at
                  | your foes. [an orb of fire]
 55049 | Zot:5    | Gained mutation: You are vulnerable to heat. (rF-) [an orb
                  | of fire]
 55050 | Zot:5    | Gained mutation: You are dopey. (Int -2) [an orb of fire]
 55055 | Zot:5    | Gained mutation: You occasionally lose the ability to read
                  | scrolls when taking damage. [an orb of fire]
 55064 | Zot:5    | Gained mutation: You occasionally lose the ability to drink
                  | potions when taking damage. [an orb of fire]
 55067 | Zot:5    | Gained mutation: You are weak. (Str -2) [an orb of fire]
 55080 | Zot:5    | Gained mutation: You sometimes lose the ability to drink
                  | potions when taking damage. [an orb of fire]
 55088 | Zot:5    | Gained mutation: You are partially covered in iridescent
                  | scales. (AC +2) [an orb of fire]
 55093 | Zot:5    | Killed an orb of fire
 55129 | Zot:5    | Lost mutation: You are weak. (Str -2) [potion of mutation]
 55129 | Zot:5    | Lost mutation: You are dopey. (Int -2) [potion of mutation]
 55129 | Zot:5    | Gained mutation: You are somewhat resistant to further
                  | mutation. [potion of mutation]
 55130 | Zot:5    | Lost mutation: You sometimes lose the ability to drink
                  | potions when taking damage. [potion of mutation]
 55130 | Zot:5    | Lost mutation: You are vulnerable to heat. (rF-) [potion of
                  | mutation]
 55131 | Zot:5    | Lost mutation: You occasionally shout uncontrollably at
                  | your foes. [potion of mutation]
 55131 | Zot:5    | Lost mutation: You are somewhat resistant to further
                  | mutation. [potion of mutation]
 55131 | Zot:5    | Lost mutation: You occasionally lose the ability to read
                  | scrolls when taking damage. [potion of mutation]
 55131 | Zot:5    | Gained mutation: You sometimes lose the ability to drink
                  | potions when taking damage. [potion of mutation]
 55218 | Zot:5    | Noticed an ancient lich
 55232 | Zot:5    | Killed an ancient lich
 55244 | Zot:5    | Killed a dread lich
 55249 | Zot:5    | Killed a dread lich
 55284 | Zot:5    | Noticed a dread lich
 55288 | Zot:5    | Noticed a Killer Klown
 55297 | Zot:5    | Killed a dread lich
 55340 | Zot:5    | Killed a Killer Klown
 55350 | Zot:5    | Got the Orb of Zot
 55645 | Depths:1 | Gained mutation: Your spells are a little easier to cast,
                  | but a little less powerful. [a cacodemon]
 55737 | D:10     | Noticed Mueme the pandemonium lord
 55885 | D:7      | Noticed an ancient lich
 56005 | D:$      | Escaped with the Orb!

Illustrated notes

Levels and vault maps discovered:
D:1:      dpeg_arrival_shelter, layout_basic, serial_shops,
          nicolae_shop_industrial_runoff
D:2:      layout_basic
D:3:      layout_basic, uniq_sigmund
D:4:      layout_rooms, mainiacjoe_overflow_alcove_1, ebering_ghost_rock_garden,
          chequers_big_river
D:5:      layout_loops_ring, minmay_temple_entry_tees, kennysheep_nondescript,
          uniq_pikel, uniq_duvessa
D:6:      layout_basic, uniq_blork_the_orc
D:7:      layout_basic, bloody_trog, st_stairs_1, uniq_maggie
D:8:      layout_basic, kennysheep_just_a_vault, uniq_grum
D:9:      layout_roguey, zombieorc1_lemuel, serial_shops, shop
D:10:     layout_cave_pools, mainiacjoe_overflow_catwalk_spiral,
          lair_entry_dummy, patterned_corridor, uniq_joseph
D:11:     layout_irregular_city, serial_shops, nicolae_shop_advertising_works
          [nicolae_subvault_shop_adworks], shop,
          nicolae_shop_just_a_little_nook, nicolae_diamond_shop,
          nicolae_shop_waterfront
D:12:     layout_gridville, drop_trap, serial_bayou_crossing
D:13:     layout_gridville, gammafunk_ghost_mausoleum, not_door_vault_due
D:14:     layout_loops_ring, skrybe_vaults_entry_preservation, serial_demonic,
          serial_demonic_f, serial_demonic_g, serial_demonic_d,
          serial_demonic_d, serial_demonic_d, serial_demonic_g,
          hangedman_decor_lopped
D:15:     hangedman_depths_entry_try_elsewhere_first, layout_irregular_city,
          nzn_hepliaklqana_mist_gate, uniq_roxanne
Temple:   dpeg_three_leaves_temple
Lair:1:   layout_regular_city, infiniplex_staircase_pool, grunt_megastairs_4,
          uniq_fannar
Lair:2:   layout_regular_city, swamp_mist_pool,
          gammafunk_ghost_wrathful_warriors, minmay_shattered_shrine,
          serial_bayou_shore_a, uniq_amaemon
Lair:3:   layout_regular_city, minmay_snake_entry_guardpost_medium,
          gauntlet_entry_generic, lemuel_fruit_fields, uniq_snorg
Lair:4:   layout_regular_city, dpeg_slime_entry_enclosed,
          minmay_stone_trees_small, minivault_26
Lair:5:   gammafunk_lair_ancient_temple, layout_cellular_growth,
          portal_ice_cave_rime
Swamp:1:  layout_basic_swamp, serial_swamp_ruin, evilmike_swamp_ruin_house_4,
          evilmike_swamp_ruin_rubble_1, worms_lemuel
Swamp:2:  layout_falls_marsh, evilmike_swamp_ruin_house_6, swamp_pool1,
          grunt_witch_cave, uniq_donald
Swamp:3:  layout_basic_swamp, evilmike_swamp_ruin_wall, uniq_kirke
Swamp:4:  swamp_vile, layout_basic_swamp
Snake:1:  layout_cave_pods
Snake:2:  layout_misc_corridors, nicolae_elevator_lobby_plus
Snake:3:  layout_misc_corridors
Snake:4:  johnstein_snake_rune_scales, layout_misc_corridors,
          serial_bayou_shore_b
Orc:1:    orc_temple, layout_diamond_mine, nicolae_orc_sculptors_studio,
          minmay_orc_barracks
Orc:2:    pf_orc_diabolical, layout_caves, uniq_urug
Vaults:1: v_misc_19, hangedman_vaults_capsules, nicolae_vaults_tetromino_L_1,
          nicolae_vaults_layer_cake_slice, hangedman_vaults_river_flow,
          vaults_dpeg_cross, layout_vaults_quadrants, uniq_aizul
Vaults:2: portal_desolation_entry_ruin, vaults_room_grid,
          hangedman_vaults_locks, ontoclasm_vaults_shuriken,
          vaults_room_ringed_pool, vaults_room_door_ring, grunt_vaults_twisty,
          nicolae_vaults_disjoint_gnomons, nicolae_vaults_stairing_the_circle,
          nicolae_vaults_gold_heap, nicolae_vaults_bisected_inception, v_misc_3,
          layout_vaults_maze
Vaults:3: hangedman_vaults_cutoff, nicolae_vaults_twisting_passages,
          nicolae_vaults_theta, v_misc_12, nicolae_vaults_meiosis,
          minmay_crypt_entry_necro_gods, vaults_room_guarded_vault,
          nicolae_vaults_trapezoid_layered, nicolae_vaults_sesquioval_fish,
          v_pattern_3, nicolae_vaults_offset_grid_hallway_4,
          nicolae_vaults_shelves_hall, ontoclasm_vaults_decontamination,
          ontoclasm_vaults_idyll, vaults_dpeg_ring, layout_vaults_ring,
          serial_shops, shop, uniq_saint_roka
Vaults:4: nicolae_vaults_double_plus_3, v_pattern_4, v_misc_16,
          nicolae_vaults_tangram_1, nicolae_vaults_closet_pinwheel_1,
          nicolae_vaults_trapezoid_lopsided_3, v_misc_29,
          hangedman_vaults_nails, ontoclasm_vaults_fault,
          nicolae_vaults_statue_guard, layout_vaults_big_room, enter_trove_1,
          uniq_mara
Vaults:5: serial_shops, uniq_frederick
Depths:1: layout_big_octagon, lightli_too_deep, kennysheep_generic_room_4,
          minmay_shop_star, serial_bayou_shore_b, serial_bayou_shore_b,
          grunt_megastairs_5, uniq_sojobo
Depths:2: gammafunk_mikee_crab_dinner, layout_small_grid,
          rand_demon_pan_entry_9, hellmouth_1, minmay_misc_feat_iff,
          minivault_16, minmay_staircase_bubble
Depths:3: minmay_outward_triangles, layout_honeycomb, hell_entry,
          nicolae_sextant, abyss_entry_glasseish, serial_shops, shop,
          guppyfry_shop_earth
Depths:4: evilmike_zot_entry_argh, layout_gridlike, enter_ziggurat_c,
          hell_entry, infiniplex_enter_wizlab_water,
          minmay_misc_feat_four_crosses, minmay_shoptagon
Zot:1:    layout_cathedral_of_symmetry, grunt_megastairs_2
Zot:2:    kennysheep_oblong_rooms, layout_basic, nicolae_transmutations_shop,
          st_stairs_13, uniq_parghit
Zot:3:    gammafunk_sealed_library, layout_cathedral_of_symmetry,
          guppyfry_library_mini
Zot:4:    grunt_twist_and_shout, layout_onion, drop_trap
Zot:5:    layout_misc_corridors, skrybe_zot_glass_3

Skill      XL: |  1  2  3  4  5  6  7  8  9 10 11 12 13 14 15 16 17 18 19 20 21 22 23 24 25 26 27 |
---------------+----------------------------------------------------------------------------------+-----
Stealth        | 7 8 9 10 11 14 15 18 20 21 23 24 25 26 | 26.9
Short Blades   | 3 5 7 8 10 12 13 14 16 18 | 18.0
Fighting       | 5 6 8 10 11 13 15 17 20 21 23 25 26 | 26.0
Evocations     | 3 6 8 10 12 | 12.0
Armour         | 3 5 6 9 10 13 | 13.0
Dodging        | 8 15 18 22 23 25 26 | 26.0
Shields        | 4 8 12 15 | 15.0

Action                     |  1- 3 |  4- 6 |  7- 9 | 10-12 | 13-15 | 16-18 | 19-21 | 22-24 | 25-27 || total
---------------------------+-------+-------+-------+-------+-------+-------+-------+-------+-------++-------
  Melee: Short sword       |    63 |   129 |   313 |   804 |   674 |       |       |       |       ||  1983
         Punch             |       |       |     5 |    12 |    16 |    30 |    21 |       |       ||    84
         Cutlass           |       |       |       |       |   712 |  1348 |  2887 |  2859 |  3468 || 11274
  Throw: Dart              |       |       |       |     3 |     9 |       |       |       |       ||    12
 Invoke: Serpent's Lash    |       |       |       |     3 |     8 |    16 |    15 |    14 |    26 ||    82
         Heavenly Storm    |       |       |       |       |       |       |       |     1 |       ||     1
Ability: Lunge             |       |       |    30 |    76 |   116 |   127 |   107 |   132 |   115 ||   703
         Whirlwind         |       |       |     1 |    19 |   177 |   309 |   868 |   692 |   748 ||  2814
  Evoke: Wand              |       |       |     4 |     4 |    15 |       |       |       |     8 ||    31
         Lightning rod     |       |       |       |       |     5 |     2 |       |       |       ||     7
         Box of beasts     |       |       |       |       |     2 |     1 |       |       |     1 ||     4
         Phantom mirror    |       |       |       |       |       |     1 |       |     1 |     2 ||     4
    Use: Scroll            |       |       |       |    17 |    15 |     8 |     4 |     5 |    10 ||    59
         Potion            |       |       |       |     2 |       |     3 |     1 |     4 |    16 ||    26
   Stab: Sleeping          |    23 |    33 |    40 |    80 |   118 |   128 |   102 |   124 |    80 ||   728
         Distracted        |     1 |     1 |     1 |     7 |    19 |    15 |    18 |    17 |    22 ||   101
         Paralysed         |       |       |       |     1 |     2 |       |       |       |     1 ||     4
 Armour: Leather armour    |     2 |    14 |    12 |       |       |       |       |       |       ||    28
         Robe              |       |       |    39 |   119 |    25 |       |       |       |       ||   183
         Troll leather arm |       |       |       |       |    92 |       |       |       |       ||    92
         Ring mail         |       |       |       |       |    96 |    69 |   103 |    81 |    99 ||   448
  Dodge: Dodged            |    17 |    44 |   121 |   228 |   466 |   505 |   975 |   907 |  1211 ||  4474
  Block: Buckler           |       |       |       |       |       |       |   317 |   492 |   563 ||  1372
